 Dungeon Crawl Stone Soup version 0.24.0-123-gd5b16e6ec5 (webtiles) character file.

Game seed: 861946325680298590, levelgen mode: deterministic

748 Delamore the Shield-Bearer (level 8, -1/58 HPs)
             Began as a Formicid Fighter on Jan 7, 2020.
             Was a Follower of Okawaru.
             Slain by an orc priest
             ... wielding a +2 dagger of electrocution
              (17 damage)
             ... on level 4 of the Dungeon.
             The game lasted 00:04:41 (3622 turns).

Delamore the Shield-Bearer (Formicid Fighter)       Turns: 3622, Time: 00:04:41

Health: -1/58      AC: 14    Str: 23    XL:     8   Next: 6%
Magic:  8/8        EV:  6    Int:  8    God:    Okawaru [*.....]
Gold:   165        SH: 11    Dex: 10    Spells: 7/7 levels left

rFire    . . .     SeeInvis +   r - +0 hand axe
rCold    . . .     Gourm    .   c - +0 shield
rNeg     . . .     Faith    .   t - +0 plate armour
rPois    .         Spirit   .   (helmet unavailable)
rElec    .         Reflect  .   (no cloak)
rCorr    .         Harm     .   j - +2 pair of gloves
MR       .....                  (no boots)
Stlth    ..........             (no amulet)
HPRegen  0.19/turn              (no ring)
MPRegen  0.11/turn              (no ring)

@: no status effects
A: permanent stasis, dig shafts and tunnels, four strong arms, antennae 3
a: Dig, Shaft Self, Heroism, Renounce Religion


You were on level 4 of the Dungeon.
You worshipped Okawaru.
Okawaru was aware of your devotion.
You were hungry.

You visited 1 branch of the dungeon, and saw 4 of its levels.
You also visited: Sewer.

You collected 165 gold pieces.

Inventory:

Hand Weapons
 a - a +0 war axe
 r - a +0 hand axe (weapon)
Armour
 b - a +0 scale mail
 c - a +0 shield (worn)
 j - a +2 pair of gloves (worn)
 t - a +0 plate armour (worn)
Jewellery
 z - an uncursed ring of protection from magic {unknown}
Wands
 w - a wand of random effects (10)
 y - a wand of flame (19)
Scrolls
 i - 3 scrolls of remove curse
 m - a scroll of enchant armour
 o - a scroll of blinking
 p - a scroll of enchant weapon
 s - 2 scrolls of teleportation {unknown}
 u - a scroll of immolation {unknown}
Potions
 d - 2 potions of might
 e - 5 potions of curing {unknown}
 g - 4 potions of flight {unknown}
 h - a potion of magic
 k - 2 potions of heal wounds
 l - a potion of invisibility {unknown}
 n - a potion of berserk rage
 q - 4 potions of agility {unknown}
 v - a potion of brilliance
 x - a potion of resistance
Comestibles
 f - 8 rations
 A - a chunk of flesh


   Skills:
 - Level 3.2 Fighting
 + Level 6.7 Axes
 - Level 3.2 Armour
 + Level 7.3 Shields


You had 7 spell levels left.
You didn't know any spells.
Your spell library was empty.

Dungeon Overview and Level Annotations

Branches:
Dungeon (4/15)              Sewer (visited)
 Temple: D:4-7

Altars:
Cheibriados
Okawaru
Wu Jian


Innate Abilities, Weirdness & Mutations

You cannot be hasted, slowed, berserked, paralysed or teleported.
You can dig through walls and to a lower floor.
Your four strong arms can wield two-handed weapons with a shield.
You have a pair of large antennae on your head. (SInv)


Message History

The orc priest is severely wounded.
The orc priest hits you but does no damage.
You hit the orc priest.
You kill the orc priest!
Okawaru accepts your kill.
You hit the orc priest.
The orc priest is lightly wounded.
You hit the orc priest.
The orc priest is heavily wounded.
The orc priest hits you but does no damage.
You hit the orc priest.
The orc priest is almost dead.
The orc priest mumbles some strange prayers to Beogh against you.
Pain shoots through your body!
* * * LOW HITPOINT WARNING * * *
You hit the orc priest but do no damage.
The orc priest is almost dead.
The orc priest hits you but does no damage.
You are electrocuted!
You die...

#####...####.........#
...........'.÷.......+
#####...####.†.......#
#.....## ##......(#
.###.## ##.....## #.#
##...## #. ##'## .#
#.# #@# #o# ... .....
##....# ...... ####.##
..


You could see an orc priest.

Vanquished Creatures
  An ogre (D:4)
  A big kobold (Sewer)
  3 scorpions (D:4)
  A howler monkey (D:4)
  4 orc priests (D:4)
  Natasha (thrice) (D:3)
  3 orc wizards
  3 adders
  An adder skeleton (D:4)
  3 worms
  2 dart slugs
  A leopard gecko (D:2)
  5 orcs
  11 bats
  2 giant cockroaches
  8 goblins
  9 hobgoblins
  3 jackals (D:2)
  2 quokkas
  4 ball pythons
  7 frilled lizards
  21 kobolds
  10 rats
108 creatures vanquished.

Vanquished Creatures (others)
  3 plants (D:4)
3 creatures vanquished.

Grand Total: 111 creatures vanquished

Notes
Turn   | Place    | Note
-------+----------+-------------------------------------------
     0 | D:1      | Delamore the Formicid Fighter began the quest for the Orb.
     0 | D:1      | Reached XP level 1. HP: 18/18 MP: 1/1
   181 | D:1      | Reached XP level 2. HP: 24/24 MP: 2/2
   713 | D:2      | Reached XP level 3. HP: 20/29 MP: 3/3
   855 | D:2      | Found an ornate altar of the Wu Jian Council.
  1374 | D:2      | Reached XP level 4. HP: 21/35 MP: 4/4
  1660 | D:3      | Found an iron altar of Okawaru.
  1679 | D:3      | Became a worshipper of Warmaster Okawaru
  1783 | D:3      | Found a glowing drain.
  1793 | D:3      | Reached skill level 4 in Shields
  1829 | Sewer    | Entered a sewer
  1992 | Sewer    | Reached XP level 5. HP: 39/41 MP: 5/5
  2026 | Sewer    | Noticed a big kobold
  2040 | Sewer    | Killed a big kobold
  2243 | D:3      | Reached skill level 5 in Axes
  2243 | D:3      | Reached skill level 5 in Shields
  2243 | D:3      | Reached XP level 6. HP: 45/47 MP: 6/6
  2356 | D:3      | Noticed Natasha
  2366 | D:3      | Killed Natasha
  2478 | D:3      | Found a snail-covered altar of Cheibriados.
  2499 | D:3      | Noticed Natasha
  2509 | D:3      | Killed Natasha
  2530 | D:3      | Noticed Natasha
  2549 | D:3      | Killed Natasha
  2832 | D:4      | Reached skill level 6 in Shields
  2832 | D:4      | Reached XP level 7. HP: 31/52 MP: 7/7
  3071 | D:4      | Reached * piety under Okawaru
  3575 | D:4      | Reached skill level 7 in Shields
  3611 | D:4      | Reached XP level 8. HP: 19/58 MP: 8/8
  3622 | D:4      | Slain by an orc priest

Levels and vault maps discovered:
D:1:      psy_arrival_statuary, layout_basic, chequers_big_river
D:2:      layout_basic, nicolae_overflow_crystal_walls, first_ration,
          minmay_tetromino_t4
D:3:      layout_basic, okawaru_metal_pillars_1_2, overflow_temple_1_default,
          portal_sewer_entry_a, uniq_natasha
D:4:      cheibrodos_old_hovel, layout_loops_corners

Skill      XL: |  1  2  3  4  5  6  7 |
---------------+----------------------+-----
Axes           | 3 4 5 6 |  6.7
Shields        | 4 5 6 7 |  7.3
Fighting       | |  3.2
Armour         | |  3.2

Action                   |  1- 3 |  4- 6 |  7- 9 || total
-------------------------+-------+-------+-------++-------
Melee: War axe           |    83 |    74 |       ||   157
       Hand axe          |       |   188 |    89 ||   277
  Use: Scroll            |       |     8 |       ||     8
       Potion            |       |       |     2 ||     2
  Eat: Chunk             |     1 |     6 |     2 ||     9
Armor: Scale mail        |    51 |   126 |    21 ||   198
       Plate armour      |       |       |    14 ||    14
Dodge: Dodged            |    32 |    87 |    13 ||   132
Block: Shield            |    46 |   140 |    45 ||   231
